 Dungeon Crawl Stone Soup version 0.19-a0-1627-gc26532d (webtiles) character file.

445 Fraydo the Slasher (level 6, -2/44 HPs)
             Began as a Demonspawn Gladiator on Sept 18, 2016.
             Slain by a gnoll (4 damage)
             ... on level 2 of the Dungeon.
             The game lasted 00:10:03 (3758 turns).

Fraydo the Slasher (Demonspawn Gladiator)           Turns: 3758, Time: 00:10:03

Health: -2/44      AC:  9    Str: 15    XL:     6   Next: 72%
Magic:  6/6        EV: 12    Int:  9    God:
Gold:   88         SH:  0    Dex: 16    Spells: 0 memorised, 5 levels left

rFire  + . .     SeeInvis .     a - +0 long sword
rCold  . . .     Gourm    .     m - +0 ring mail
rNeg   . . .     Faith    .     (no shield)
rPois  .         Spirit   .     c - +0 helmet
rElec  .         Dismiss  .     t - +2 cloak
rCorr  .         Reflect  .     (no gloves)
MR     .....     Harm     .     (no boots)
Stlth  +.........               (no amulet)
                                (no ring)
                                (no ring)

@: no status effects
A: hooves 1, fire resistance 1, flame cloud immunity
a: no special abilities


You were on level 2 of the Dungeon.
You were not hungry.

You visited 1 branch of the dungeon, and saw 3 of its levels.

You collected 88 gold pieces.

Inventory:

Hand Weapons
 a - a +0 long sword (weapon)
Missiles
 d - 3 throwing nets (quivered)
 p - 115 stones
Armour
 c - a +0 helmet (worn)
 m - a +0 ring mail (worn)
 q - a +0 shield
 t - a +2 cloak (worn)
Scrolls
 b - a scroll of amnesia {unknown}
 e - 4 scrolls of identify {unknown}
 g - 2 scrolls of random uselessness {unknown}
 h - a scroll of fog {unknown}
 i - a scroll of recharging {unknown}
 k - 3 scrolls of teleportation {unknown}
 n - 2 scrolls of enchant weapon {unknown}
 o - a scroll of remove curse {unknown}
Comestibles
 f - 2 bread rations
 j - 2 meat rations
 r - a beef jerky


   Skills:
 - Level 2.1 Fighting
 * Level 6.7 Long Blades
 - Level 2.0 Throwing
 - Level 3.0 Dodging


You had 5 spell levels left.
You didn't know any spells.

Dungeon Overview and Level Annotations

Branches:
Dungeon (3/15)

Altars:
Nemelex Xobeh
Ru


Innate Abilities, Weirdness & Mutations

You have large cloven feet.
Your flesh is heat resistant. (rF+)
You are immune to clouds of flame.


Message History

You barely miss the gnoll.
The gnoll is heavily wounded.
The gnoll closely misses you. The gnoll misses you.
You hit the gnoll but do no damage. You kick the gnoll, but do no damage.
The gnoll is heavily wounded.
The gnoll hits you!
* * * LOW HITPOINT WARNING * * *
The gnoll hits you from afar with a spear.
* * * LOW HITPOINT WARNING * * *
The gnoll closely misses you.
You riposte.
You barely miss the gnoll. Your kick misses the gnoll.
The gnoll is heavily wounded.
The gnoll hits you from afar with a spear.
* * * LOW HITPOINT WARNING * * *
You climb upwards.
There is a stone staircase leading down, spattered with blood here.
You hit the gnoll.
The gnoll is severely wounded.
The gnoll hits you.
You die...

###############.##.############.#
.# #.# #.##........# #.# .# #.#
#.#########.# #.# .# #.# #.# #.#
#.# .#########.####.#########.#
#.# .#........................#
#.# ...........##...##...######
##.# ##.#####..###...#)...)##
#... #.# #..###...@)>.<..###
###... #.#
#...)....)g..))...###..... #.#
##.###..#.>.....#......... #.#
#.# #..##.....######..... #.#
#.###..###)..## ###... #.#
##......# ##.## #...
#.#####...###.# #.# ##..
#.........g...####.# ######
#######...######...#### #.....


You could see a gnoll.

Vanquished Creatures
  A gnoll sergeant (D:1)
  Crazy Yiuf (D:2)
  Jessica (D:2)
  Natasha (twice) (D:2)
  17 gnolls
  3 adders (D:2)
  7 dart slugs
  2 leopard geckos
  3 orcs (D:3)
  6 bats
  A giant cockroach (D:2)
  9 goblins
  7 hobgoblins
  7 jackals
  5 kobolds
  A quokka (D:2)
  2 ball pythons
  3 frilled lizards (D:2)
  4 rats
82 creatures vanquished.

Notes
Turn   | Place    | Note
-------+----------+-------------------------------------------
     0 | D:1      | Fraydo the Demonspawn Gladiator began the quest for the Orb.
     0 | D:1      | Reached XP level 1. HP: 16/16 MP: 1/1
   116 | D:1      | Reached skill level 3 in Long Blades
   118 | D:1      | Gained mutation: You have large cloven feet. [demonic ancestry]
   118 | D:1      | Reached XP level 2. HP: 22/22 MP: 2/2
   185 | D:1      | You fall through a shaft!
   674 | D:1      | Reached XP level 3. HP: 26/27 MP: 3/3
   725 | D:2      | Found a runed door.
   855 | D:2      | Reached skill level 4 in Long Blades
   858 | D:2      | Gained mutation: Your flesh is heat resistant. (rF+) [demonic ancestry]
   858 | D:2      | Reached XP level 4. HP: 13/33 MP: 4/4
  1095 | D:2      | Found a sparkling altar of Nemelex Xobeh.
  1425 | D:2      | Found a sacrificial altar of Ru.
  1483 | D:2      | Noticed Jessica
  1502 | D:2      | Killed Jessica
  1614 | D:2      | Noticed Crazy Yiuf
  1625 | D:2      | Killed Crazy Yiuf
  1625 | D:2      | Reached skill level 5 in Long Blades
  1625 | D:2      | Reached XP level 5. HP: 15/38 MP: 5/5
  1811 | D:3      | Noticed Natasha
  1834 | D:2      | Killed Natasha
  2194 | D:2      | Noticed Natasha
  2202 | D:2      | Killed Natasha
  2700 | D:3      | Gained mutation: You are immune to clouds of flame. [demonic ancestry]
  2700 | D:3      | Reached XP level 6. HP: 14/44 MP: 6/6
  3053 | D:1      | Reached skill level 6 in Long Blades
  3756 | D:3      | HP: 2/44 [gnoll/spear (3)]
  3758 | D:2      | Slain by a gnoll

Vault maps used:
D:1:      lightli_iron_boxes
D:2:      lemuel_coloured_pillars_altar, nemelex_xobeh_ov_fountains_minmay,
          kennysheep_generic_room_2, uniq_jessica, uniq_crazy_yiuf_cottage
D:3:      lemuel_castle_with_subvaults, minmay_strange_pillars, uniq_natasha

Skill      XL: |  1  2  3  4  5  6 |
---------------+-------------------+-----
Long Blades    | 3 4 5 6 |  6.7
Throwing       | 2 |  2.0
Dodging        | 3 |  3.0
Fighting       | |  2.1

Action                   |  1- 3 |  4- 6 || total
-------------------------+-------+-------++-------
Melee: Long sword        |   100 |   247 ||   347
       Kick              |    28 |    68 ||    96
  Use: Potion            |       |     3 ||     3
  Eat: Chunk             |       |    10 ||    10
Armor: Leather armour    |    25 |     4 ||    29
       Ring mail         |       |    87 ||    87
Dodge: Dodged            |    61 |   197 ||   258
